 Dungeon Crawl Stone Soup version 0.29-a0-925-g0a7a3d12f8 (webtiles) character file.

Game seed: 6845332437949350289

117683 manyhoops the Brawler (level 15, -3/158 HPs)
             Began as a Demigod Transmuter on July 28, 2022.
             Slain by a culicivora (16 damage)
             ... on level 2 of the Lair of Beasts.
             The game lasted 00:59:26 (34572 turns).

manyhoops the Brawler (Demigod Transmuter)         Turns: 34572, Time: 00:59:26

Health: -3/158     AC: 20    Str: 24 (25) XL:     15   Next: 45%
Magic:  1/28       EV: 16    Int: 19      God:
Gold:   1481       SH:  0    Dex: 14      Spells: 9/26 levels left

rFire   x x x      SeeInvis .     - Unarmed
rCold   + . .      Faith    .   (shield currently unavailable)
rNeg    . . .      Spirit   .   (body armour currently unavailable)
rPois   +          Reflect  .   (helmet currently unavailable)
rElec   .          Harm     .   (cloak currently unavailable)
rCorr   .          Rampage  .   (gloves currently unavailable)
Will    +....                   (boots currently unavailable)
Stlth   +.........              T - amulet of Elemental Vulnerability {rPois rF-- rC-- AC+8}
HPRegen 0.36/turn               e - +4 ring of protection
MPRegen 0.21/turn               f - +4 ring of evasion

@: ice-form, spiked, unable to drink
A: freezing attack, amphibious, boosted hp, large, high MP 1, forlorn, divine
attributes, [deterioration 1], [weak 1], [inability to drink while threatened 2]
}: 1/15 runes: abyssal
a: End Transformation


You were on level 2 of the Lair of Beasts.
You were a creature of crystalline ice.
You visited 5 branches of the dungeon, and saw 24 of its levels.
You visited the Abyss 2 times.

You collected 2807 gold pieces.
You spent 1326 gold pieces at shops.

Inventory:

Hand Weapons
 i - the +4 falchion of Accidental Termination {speed, Fragile rF+ Int+6}
   (You found it on level 8 of the Dungeon)

   Attacks with this weapon are significantly faster.
   Int:       It affects your intelligence (+6).
   rF:        It protects you from fire.
   Fragile:   It will be destroyed if unequipped.
 u - the +6 dagger of Gallantry {pain, *Rage rF++ Str+2 Int+2}
   (You found it on level 8 of the Dungeon)

   In the hands of one skilled in necromantic magic, it inflicts extra damage on
   living creatures.
   Str:       It affects your strength (+2).
   Int:       It affects your intelligence (+2).
   rF:        It greatly protects you from fire.
   *Rage:     It berserks you when you make melee attacks (+20% chance).
Missiles
 o - 5 throwing nets
Armour
 c - a +0 cloak (melded)
 m - a +0 pair of gloves (melded)
 s - the +7 Kryia's mail coat {PotionHeal*2 rC+}
   (You acquired it on level 11 of the Dungeon)

   Potions are twice as effective at healing its wearer.
   rC:        It protects you from cold.
 E - the +1 ring mail "Qoxopug" {rF++}
   (You found it on level 7 of the Dungeon)

   rF:        It greatly protects you from fire.
 Y - a +0 robe of positive energy
 Z - the +9 ring mail "Ymmain" (melded) {Regen+ Dex+4}
   (You found it on level 5 of the Lair of Beasts)

   Dex:       It affects your dexterity (+4).
   Regen:     It increases your rate of health regeneration.
Magical Staves
 h - a staff of earth
Jewellery
 b - an amulet of regeneration
 d - a ring of willpower
 e - a +4 ring of protection (left front paw)
 f - a +4 ring of evasion (right front paw)
 g - a ring of wizardry
 n - a ring of flight
 q - a ring of protection from cold
 C - a ring of ice
 H - a ring of fire
 T - the amulet of Elemental Vulnerability (around neck) {rPois rF-- rC-- AC+8}
   (You found it on level 10 of the Dungeon)

   [amulet of nothing]

   AC:        It affects your AC (+8).
   rF:        It makes you very vulnerable to fire.
   rC:        It makes you very vulnerable to cold.
   rPois:     It protects you from poison.
Wands
 k - a wand of flame (41)
 z - a wand of mindburst (26)
 A - a wand of paralysis (20)
 B - a wand of digging (6)
 F - a wand of roots (19)
 N - a wand of polymorph (11)
 Q - a wand of quicksilver (8)
Scrolls
 l - 5 scrolls of immolation
 x - 2 scrolls of noise
 y - 4 scrolls of amnesia
 D - 2 scrolls of torment
 G - 3 scrolls of magic mapping
 J - 2 scrolls of silence
 K - 4 scrolls of fear
 R - 2 scrolls of butterflies
 S - 2 scrolls of blinking
 U - 4 scrolls of teleportation
 W - 2 scrolls of enchant armour
 X - a scroll of poison
Potions
 a - a potion of cancellation
 j - a potion of magic
 p - 4 potions of haste
 r - 2 potions of attraction
 t - 6 potions of curing
 v - 4 potions of ambrosia
 w - a potion of resistance {unknown}
 I - 3 potions of invisibility
 L - a potion of mutation
 O - a potion of flight
 P - 4 potions of brilliance
 V - 2 potions of lignification


   Skills:
 + Level 11.9 Fighting
 - Level 6.0 Dodging
 + Level 19.0 Unarmed Combat
 - Level 6.2 Spellcasting
 - Level 8.7 Translocations
 - Level 7.6 Transmutations
 - Level 4.0 Ice Magic


You had 9 spell levels left.
You knew the following spells:

 Your Spells              Type           Power      Damage    Failure   Level
a - Beastly Appendage     Tmut           68%        N/A       1%          1
b - Wereblood             Tmut           34%        N/A       1%          2
c - Ice Form              Ice/Tmut       28%        N/A       10%         4
d - Ozocubu's Armour      Ice            21%        N/A       6%          3
e - Manifold Assault      Tloc           39%        N/A       9%          5
f - Blink                 Tloc           78%        N/A       1%          2

Your spell library contained the following spells:

 Spells                   Type           Power      Damage    Failure   Level
 Lesser Beckoning         Tloc           39%        N/A       1%          3
 Portal Projectile        Hex/Tloc       44%        N/A       5%          3
 Spider Form              Tmut/Pois      20%        N/A       7%          3
 Summon Small Mammal      Summ           20%        N/A       11%         1
 Ignite Poison            Fire/Tmut/Pois 15%        N/A       12%         3
 Static Discharge         Conj/Air       5%         3-4/arc   17%         2
 Call Canine Familiar     Summ           5%         N/A       32%         3
 Conjure Flame            Conj/Fire      5%         6-21      32%         3
 Mephitic Cloud           Conj/Pois/Air  5%         N/A       32%         3
 Summon Guardian Golem    Hex/Summ       5%         N/A       32%         3
 Dispel Undead            Necr           5%         3d7       73%         4
 Leda's Liquefaction      Hex/Erth       2%         N/A       73%         4
 Sticky Flame             Conj/Fire      5%         2d3       73%         4
 Metabolic Englaciation   Hex/Ice        6%         N/A       80%         5
 Freezing Cloud           Conj/Ice/Air   5%         6-21      87%         5
 Simulacrum               Ice/Necr       6%         N/A       100%        6


Dungeon Overview and Level Annotations

Branches:
Dungeon (15/15)            Temple (0/1) D:4            Lair (5/5) D:8
 Shoals (0/4) Lair:2       Spider (1/4) Lair:2        Slime (0/5) Lair:5
    Orc (2/2) D:11            Elf (0/3) Orc:2        Vaults (0/5) D:14
 Depths: D:15

Shops:
D:8 (   D:9 **   D:10 ?   Orc:1 [   Orc:2 =[*(

Annotations:
D:15 Louise
Lair:5 exclusion: oklob plant


Innate Abilities, Weirdness & Mutations

You are a creature of crystalline ice.
You have a powerful freezing melee attack.
You are amphibious.
Your maximum health is increased.
Your armour is entirely melded.
You are incapable of wielding weapons or throwing items.
You have an increased reservoir of magic. (+10% MP)
You shall have no god before yourself.
Your divine heritage dramatically boosts your attributes as you level up.
[Your body sometimes deteriorates upon taking damage.]
[You are weak. (Str -2)]
[You sometimes lose the ability to drink potions when taking damage.]


Message History

* * * LOW HITPOINT WARNING * * *
The culicivora draws strength from your injuries!
Something hits you!
* * * LOW HITPOINT WARNING * * *
Something hits you.
* * * LOW HITPOINT WARNING * * *
Something barely misses you. The tarantella closely misses you.
Unknown command.
You are too confused!
Unknown command.
Unknown command.
You cannot drink potions in your current state!
You cannot drink potions in your current state!
You miss something. The culicivora bites you.
* * * LOW HITPOINT WARNING * * *
The culicivora draws strength from your injuries!
Something hits you but does no damage. x2
Something stings you but does no damage.
The tarantella barely misses you.
Unknown command.
Unknown command.
You punch something! You freeze something.
The culicivora completely misses you. The tarantella barely misses you.
You feel you are being watched by something.
Something hits you but does no damage. Something closely misses you.
Something stings you but does no damage.
Unknown command.
Unknown command.
You cannot drink potions in your current state!
You are too confused!
Unknown command.
You're too confused to move!
You feel less confused.
The culicivora bites you but does no damage.
The tarantella touches you but does no damage.
Something hits you but does no damage. Something barely misses you.
Something stings you.
* * * LOW HITPOINT WARNING * * *
The culicivora bites you!
You die...

.................................
.................................
#.####...........................
P..# #.^#...###.........P#...###.
...#####^^#.#####....P...##.##.#P
.....##..#####..##...............
....###.........##...##..........
...###.#.#^#.≈≈'##...##........##
#### #^.^....≈.sY#..............#
#### #..#...≈≈.s{#....#.........#
#..######...≈≈..^#...#.........#.
....###.^...≈≈≈'##....#.#.##.#+##
.....#..).....^..#....#.###..#.##
.....##..###..#.##...............
......#.^^^######................
...........###...................
.................................


You could see a culicivora and a tarantella.

Vanquished Creatures
  Saint Roka (Orc:1)
  Frances (D:12)
  Kirke (Lair:3)
  Agnes (D:14)
  An ironbound preserver (D:14)
  Nessos (D:15)
  Azrael (D:12)
  Snorg (D:11)
  Josephine (D:15)
  6 hydras
  An ogre mage (Orc:1)
  Erolcha (D:9)
  4 centaur warriors
  Harold (Orc:1)
  A boulder beetle (D:15)
  4 catoblepae
  6 two-headed ogres
  16 death yaks
  An orc high priest (Orc:2)
  Nergalle (Orc:2)
  7 skeletal warriors
  A steelbarb worm (Spider:1)
  A pharaoh ant (Lair:2)
  An orb spider (Lair:2)
  2 deep elf archers (D:15)
  2 deep elf zephyrmancers (D:15)
  Pikel (D:7)
  2 wizards (D:14)
  4 orc knights
  2 cyclopes (D:14)
  4 wolf spiders
  37 ugly things
  4 manticores
  3 orc sorcerers
  4 elephants (Lair:3)
  3 black mambas
  Maurice (D:8)
  A gargoyle (D:12)
  4 merfolk sirens (Lair:2)
  8 cane toads
  2 kobold demonologists (D:11)
  3 rime drakes
  A demonic crawler (Spider:1)
  2 ice devils (D:11)
  11 komodo dragons
  5 trolls
  A hornet (D:9)
  2 polar bears
  3 slime creatures (D:12)
  Grinder (D:6)
  2 tarantellas
  A tarantella (shapeshifter) (D:13)
  Prince Ribbit (D:5)
  27 blink frogs
  2 jumping spiders (Lair:2)
  A water elemental (D:11)
  35 yaks
  A culicivora (Spider:1)
  11 wyverns
  3 vampires
  2 hogs (Lair:3)
  A spriggan (shapeshifter) (D:14)
  6 wraiths
  A steam dragon (D:7)
  A basilisk (Lair:2)
  5 fire elementals
  6 redbacks
  A chaos spawn (Abyss:3)
  6 vampire mosquitoes
  3 wargs (Orc:2)
  2 acid dragons
  A hell hound (D:13)
  10 water moccasins
  A swamp drake (D:8)
  5 ice beasts
  2 sky beasts (D:7)
  21 orc warriors
  13 wolves
  14 ogres
  5 centaurs
  A lemure (D:7)
  2 phantoms
  5 kobold brigands
  A small abomination (Abyss:3)
  11 bullfrogs
  4 gnoll sergeants
  2 scorpions
  2 wights (D:8)
  3 killer bees (D:7)
  6 electric eels
  9 howler monkeys
  2 jellies
  3 hounds
  15 orc priests
  5 iguanas
  19 orc wizards
  2 hell rats (Lair:1)
  20 gnolls
  11 adders
  A river rat (Lair:1)
  A shadow imp (D:6)
  A white imp (D:6)
  An ufetubus (D:5)
  3 worms
  3 dart slugs
  50 orcs
  5 endoplasms
  6 giant cockroaches
  6 hobgoblins
  4 jackals
  18 kobolds
  4 quokkas
  3 ball pythons
  5 bats
  3 frilled lizards (D:1)
  8 goblins
  4 rats
613 creatures vanquished.

Vanquished Creatures (others)
  A deep elf pyromancer (D:10)
  An unseen horror (D:10)
  An orc wizard (D:10)
  34 fungi
  67 plants
  9 starspawn tentacles (Abyss:3)
113 creatures vanquished.

Grand Total: 726 creatures vanquished

Notes
Turn   | Place    | Note
-------+----------+-------------------------------------------
     0 | D:1      | manyhoops the Demigod Transmuter began the quest for the
                  | Orb.
     0 | D:1      | Reached XP level 1. HP: 15/15 MP: 5/5
   139 | D:1      | Noticed a great orb of eyes
   151 | D:1      | Noticed an eye of devastation
   154 | D:1      | Reached skill level 1 in Fighting
   156 | D:1      | Noticed a golden eye
   156 | D:1      | Noticed a great orb of eyes
   451 | D:1      | Reached skill level 3 in Unarmed Combat
   801 | D:1      | Reached XP level 2. HP: 22/23 MP: 5/7
   855 | D:1      | Learned a level 2 spell: Wereblood
  1895 | D:1      | Reached XP level 3. HP: 20/28 MP: 5/8
  3252 | D:3      | Reached XP level 4. HP: 34/35 MP: 7/9
  4401 | D:4      | Noticed a phantom
  4435 | D:4      | Found a staircase to the Ecumenical Temple.
  4447 | D:4      | Killed a phantom
  4448 | D:4      | Reached XP level 5. HP: 27/40 MP: 12/12
  4721 | D:4      | Learned a level 4 spell: Ice Form
  4735 | D:4      | Reached skill level 1 in Ice Magic
  5239 | D:5      | Entered Level 5 of the Dungeon
  5255 | D:5      | Noticed Prince Ribbit
  5271 | D:5      | HP: 1/40 [Prince Ribbit (15)]
  5748 | D:5      | Killed Prince Ribbit
  5749 | D:5      | Reached XP level 6. HP: 21/47 MP: 9/13
  5984 | D:5      | Identified the +8 short sword of Vereman {vorpal, rPois rC-
                  | Str+4 Int+5}
  6006 | D:5      | Reached skill level 5 in Transmutations
  6006 | D:5      | Reached XP level 7. HP: 52/52 MP: 10/14
  7273 | D:6      | Reached skill level 4 in Unarmed Combat
  7320 | D:6      | Reached XP level 8. HP: 60/60 MP: 12/16
  7328 | D:6      | Reached skill level 5 in Unarmed Combat
  7946 | D:6      | Noticed Grinder
  7965 | D:6      | Reached skill level 6 in Unarmed Combat
  7973 | D:6      | Killed Grinder
  8312 | D:7      | Noticed a balrug
  8314 | D:7      | Identified the +1 ring mail "Qoxopug" {rF++}
  8455 | D:7      | Reached skill level 7 in Unarmed Combat
  8640 | D:7      | Noticed Pikel
  8651 | D:7      | Killed Pikel
  8652 | D:7      | Reached XP level 9. HP: 60/71 MP: 11/17
  8762 | D:7      | Reached skill level 8 in Unarmed Combat
  9259 | D:8      | Identified the +4 falchion of Accidental Termination
                  | {speed, Fragile rF+ Int+6}
  9281 | D:8      | Noticed a two-headed ogre
  9303 | D:8      | Killed a two-headed ogre
  9304 | D:8      | Reached skill level 9 in Unarmed Combat
  9323 | D:8      | Identified the +6 dagger of Gallantry {pain, *Rage rF++
                  | Str+2 Int+2}
  9333 | D:8      | You fall into a shaft and drop 3 floors!
  9360 | D:11     | Noticed a purple ugly thing
  9374 | D:11     | Killed a purple ugly thing
  9375 | D:11     | Reached skill level 5 in Fighting
  9397 | D:11     | Noticed a two-headed ogre
  9403 | D:11     | Killed a two-headed ogre
  9404 | D:11     | Reached skill level 10 in Unarmed Combat
  9404 | D:11     | Reached XP level 10. HP: 47/81 MP: 16/18
  9660 | D:10     | Entered Level 10 of the Dungeon
  9861 | D:10     | Killed a deep elf pyromancer
 10024 | D:9      | Found Jannot's Specific Store.
 10025 | D:9      | Found Effogg's General Store.
 10037 | D:8      | Noticed Maurice
 10064 | D:8      | Found Icsobui's Antique Weapon Emporium.
 10078 | D:8      | Reached skill level 11 in Unarmed Combat
 10456 | D:8      | Killed Maurice
 10975 | D:8      | Reached skill level 12 in Unarmed Combat
 11488 | D:8      | Found a staircase to the Lair.
 11764 | D:9      | Bought a scroll of identify for 28 gold pieces
 11764 | D:9      | Bought a scroll of identify for 28 gold pieces
 11764 | D:9      | Bought a scroll of fear for 56 gold pieces
 11911 | D:9      | Paralysed by a hornet for 2 turns
 11951 | D:9      | Noticed a two-headed ogre
 11968 | D:9      | Killed a two-headed ogre
 12348 | D:9      | Noticed Erolcha
 12357 | D:9      | Killed Erolcha
 12358 | D:9      | Reached XP level 11. HP: 91/91 MP: 14/20
 12408 | D:9      | Noticed a two-headed ogre
 12415 | D:9      | Killed a two-headed ogre
 13269 | D:8      | Bought a bloodstained great sword for 356 gold pieces
 13269 | D:8      | Identified the +6 great sword of Cuedgh {holy, Str+5 Int+2}
                  | (You bought it in a shop on level 8 of the Dungeon)
 13318 | D:10     | Found Livydghoi's Magic Scroll Boutique.
 13326 | D:10     | Bought a scroll of blinking for 97 gold pieces
 13326 | D:10     | Bought a scroll of identify for 26 gold pieces
 13326 | D:10     | Bought a scroll of teleportation for 39 gold pieces
 13377 | D:10     | Reached skill level 5 in Spellcasting
 14082 | D:10     | Found the amulet of Elemental Vulnerability {rPois rF--
                  | rC-- AC+8}
 14860 | Lair:1   | Entered Level 1 of the Lair of Beasts
 15106 | Lair:1   | Noticed a six-headed hydra
 15139 | Lair:1   | Killed a six-headed hydra
 15614 | Lair:1   | Reached skill level 13 in Unarmed Combat
 16476 | Lair:2   | Found a hole to the Spider Nest.
 16476 | Lair:2   | Noticed an orb spider
 16593 | Lair:2   | Reached XP level 12. HP: 100/100 MP: 25/25
 16774 | Lair:2   | Reached skill level 14 in Unarmed Combat
 16813 | Lair:2   | Found a staircase to the Shoals.
 17652 | Spider:1 | Entered Level 1 of the Spider Nest
 17693 | Lair:3   | Learned a level 3 spell: Ozocubu's Armour
 17889 | Lair:3   | You are sucked into a shaft and drop 2 floors!
 17889 | Lair:5   | Entered Level 5 of the Lair of Beasts
 17889 | Lair:5   | Noticed a catoblepas
 17899 | Lair:5   | Killed a catoblepas
 17979 | Lair:5   | Reached skill level 15 in Unarmed Combat
 18255 | Lair:5   | Found a staircase to the Slime Pits.
 18258 | Lair:4   | Noticed a five-headed hydra
 18265 | Lair:4   | Killed a five-headed hydra
 18527 | Lair:4   | Reached skill level 5 in Dodging
 18694 | Lair:4   | Noticed a five-headed hydra
 18707 | Lair:4   | Killed a five-headed hydra
 19754 | Lair:3   | Reached XP level 13. HP: 107/107 MP: 20/26
 19940 | Lair:3   | Noticed Kirke
 19942 | Lair:3   | Noticed a sphinx
 19953 | Lair:3   | Paralysed by a sphinx for 3 turns
 19958 | Lair:3   | Paralysed by a sphinx for 2 turns
 20576 | Lair:3   | Killed Kirke
 20935 | Lair:5   | Reached skill level 16 in Unarmed Combat
 20992 | Lair:5   | Identified the +9 ring mail "Ymmain" {Regen+ Dex+4}
 21942 | Lair:5   | Reached skill level 10 in Fighting
 22388 | Lair:5   | Identified the +2 whip "Atin Noss" {protect, rPois Dex+4}
 22826 | D:11     | Found a staircase to the Orcish Mines.
 23795 | D:11     | Noticed Snorg
 23807 | D:11     | Killed Snorg
 24149 | D:11     | Identified a scroll of acquirement
 24150 | D:11     | Acquired the +7 Kryia's mail coat {PotionHeal*2 rC+}
 24150 | D:11     | Found the +7 Kryia's mail coat {PotionHeal*2 rC+}
 24208 | D:12     | Noticed Frances
 24217 | D:12     | Killed Frances
 24230 | D:12     | Reached XP level 14. HP: 121/124 MP: 27/27
 24814 | D:12     | Reached skill level 17 in Unarmed Combat
 25542 | D:13     | Noticed Azrael
 25692 | D:12     | Killed Azrael
 26970 | D:14     | Reached skill level 18 in Unarmed Combat
 27244 | D:14     | Noticed an ironbound preserver
 27251 | D:14     | Killed an ironbound preserver
 27406 | D:14     | Found a gate to the Vaults.
 27986 | D:14     | Noticed Agnes
 27999 | D:14     | Killed Agnes
 28781 | Orc:1    | Entered Level 1 of the Orcish Mines
 28856 | Orc:1    | Noticed Harold
 28865 | Orc:1    | Killed Harold
 29097 | Orc:1    | Found Qothrodu's Antique Armour Emporium.
 29104 | Orc:1    | Learned a level 5 spell: Manifold Assault
 29173 | Orc:2    | Entered Level 2 of the Orcish Mines
 29345 | Orc:2    | Reached skill level 1 in Translocations
 29612 | Orc:2    | Noticed Nergalle
 29626 | Orc:2    | Killed Nergalle
 29729 | Orc:2    | Noticed Saint Roka
 29902 | Orc:1    | Killed Saint Roka
 30224 | Orc:2    | Reached XP level 15. HP: 132/132 MP: 22/28
 30246 | Orc:2    | Found Zeufeuki's Antique Weapon Shop.
 30425 | Orc:2    | Reached skill level 5 in Translocations
 30469 | Orc:2    | Found a staircase to the Elven Halls.
 30631 | Orc:2    | Found Amifiosh's Antique Armour Shop.
 30646 | Orc:2    | Found Arueroi's Jewellery Shop.
 30663 | Orc:2    | Found Heangan's General Store.
 30670 | Orc:2    | Bought a scroll of teleportation for 30 gold pieces
 30689 | Orc:2    | Bought a translucent ring mail for 324 gold pieces
 30689 | Orc:2    | Identified the +2 ring mail of Shielding {rF+ Int+3} (You
                  | bought it in a shop on level 2 of the Orcish Mines)
 30689 | Orc:2    | Bought a steaming chain mail for 342 gold pieces
 30689 | Orc:2    | Identified the +1 chain mail of True Grit {+Blink Int-5
                  | Dex+9 Stlth-} (You bought it in a shop on level 2 of the
                  | Orcish Mines)
 30703 | Orc:2    | Learned a level 2 spell: Blink
 31151 | D:15     | Entered Level 15 of the Dungeon
 31244 | D:15     | Noticed Nessos
 31257 | D:15     | Killed Nessos
 31717 | D:15     | Identified the +12 flail of the Cursing Asp {freeze, rElec}
 31948 | D:15     | Noticed Josephine
 31953 | D:15     | Killed Josephine
 32531 | D:15     | Noticed Louise
 32554 | Abyss:3  | Cast into level 3 of the Abyss (Louise)
 32578 | Abyss:3  | Got an abyssal rune of Zot
 32692 | Abyss:3  | Noticed a tentacled starspawn
 32774 | D:15     | Escaped the Abyss
 32811 | Abyss:3  | Cast into level 3 of the Abyss (Louise)
 32862 | Abyss:3  | Noticed a lich
 32866 | D:15     | Escaped the Abyss
 33760 | Shoals:1 | Entered Level 1 of the Shoals
 34560 | Spider:1 | Reached skill level 19 in Unarmed Combat
 34572 | Lair:2   | Slain by a culicivora

Illustrated notes

Levels and vault maps discovered:
D:1:      grunt_arrival_crossed_arrows, layout_basic, serial_forest,
          infiniplex_forest_zigzag_2, infiniplex_forest_side_room,
          infiniplex_forest_clump_medium, infiniplex_forest_clump_cross,
          hellmonk_ecumenical_altar_watching_god
D:2:      layout_rooms, basic_altar, serial_park_tiny_2
D:3:      layout_basic
D:4:      layout_gridville, minmay_temple_entry_overgrown
D:5:      layout_rooms, fedhas_altar_2, minmay_misc_feat_x, uniq_prince_ribbit1
D:6:      layout_basic, amcnicky_altar_gilded, kennysheep_mini,
          nicolae_gozag_cash_rules_everything_around_me, uniq_grinder
D:7:      layout_loops_ring, makhleb_altar_promises_db,
          minmay_misc_feat_nine_boxes, uniq_pikel
D:8:      layout_rooms, nicolae_qazlal_style_of_elements, marbit_many_paths,
          yredelemnul_altar_generic, erik_lair_dragon,
          nicolae_ossuary_entry_monument, serial_shops, nicolae_diamond_shop,
          st_stairs_14, minmay_puff, uniq_maurice
D:9:      layout_irregular_city, nicolae_specific_store, uniq_erolcha
D:10:     layout_basic, xom_confusion_cloud, serial_shops,
          nicolae_shop_advertising_works [nicolae_subvault_shop_adworks]
D:11:     layout_basic, orc_0_dummy, portal_ice_cave_demonic_guard,
          serial_bayou_lake_a, uniq_snorg
D:12:     layout_basic, uniq_frances
D:13:     layout_basic, uniq_azrael
D:14:     layout_basic, skrybe_vaults_entry_preservation, uniq_agnes
D:15:     gammafunk_enter_depths_forms, layout_loops_ring,
          nicolae_vehumet_radiance, uniq_louise, uniq_nessos, uniq_josephine
Lair:1:   layout_regular_city, kennysheep_rathole
Lair:2:   layout_regular_city, elwin_shoals_entry_stream,
          nicolae_spider_entry_orb_guardian
Lair:3:   layout_roguey, uniq_kirke
Lair:4:   layout_regular_city, grunt_megastairs_2
Lair:5:   evilmike_catoblepas_cave, layout_long_grid,
          minmay_slime_entry_oklob_open, grunt_forest_small_clearing_treed
Shoals:1: layout_shoals, nicolae_shoals_water_shrine
Spider:1: layout_spider_delve, gammafunk_ghost_cemetery,
          nicolae_looking_at_the_future
Orc:1:    layout_diamond_mine, serial_shops, nicolae_shop_overgrown_old_shop,
          mines4_lemuel, uniq_harold
Orc:2:    grunt_orc_cross, layout_diamond_mine

Skill      XL: |  1  2  3  4  5  6  7  8  9 10 11 12 13 14 15 |
---------------+----------------------------------------------+-----
Fighting       | 1 4 5 6 7 8 11 | 11.9
Unarmed Combat | 3 4 7 10 12 13 15 16 18 19 | 19.0
Transmutations | 2 3 4 5 6 7 |  7.6
Spellcasting   | 2 3 6 |  6.2
Ice Magic      | 3 4 |  4.0
Dodging        | 6 |  6.0
Translocations | 4 8 |  8.7

Action                   |  1- 3 |  4- 6 |  7- 9 | 10-12 | 13-15 || total
-------------------------+-------+-------+-------+-------+-------++-------
Melee: Unarmed           |   165 |   115 |   189 |   471 |   807 ||  1747
       Kick              |    16 |    21 |     5 |       |     3 ||    45
       Headbutt          |     9 |     8 |     1 |       |     6 ||    24
       Punch             |     2 |     1 |       |     2 |     8 ||    13
       Dagger            |       |       |       |    22 |       ||    22
 Cast: Beastly Appendage |    20 |    13 |     4 |       |     2 ||    39
       Wereblood         |     1 |       |     5 |    20 |    36 ||    62
       Ice Form          |       |     2 |    25 |    79 |    79 ||   185
       Ozocubu's Armour  |       |       |       |     1 |    13 ||    14
       Manifold Assault  |       |       |       |       |     4 ||     4
  Use: Scroll            |     3 |     3 |     7 |    11 |    11 ||    35
       Potion            |       |     4 |     1 |     3 |    10 ||    18
 Stab: Sleeping          |       |     1 |       |     1 |       ||     2
Armor: Robe              |    15 |     4 |     2 |     7 |     6 ||    34
       Ring mail         |    13 |     7 |       |       |    31 ||    51
       Skin              |       |     8 |    28 |   119 |   274 ||   429
Dodge: Dodged            |   130 |    76 |   101 |   288 |   544 ||  1139

Table legend: (Time is in decaauts)
 A = Elapsed time spent in this place.
 B = Non-inter-level travel time spent in this place.
 C = Inter-level travel time spent in this place.
 D = Time resting spent in this place.
 E = Time spent auto-exploring this place.
 F = Levels seen in this place.
 G = Mean time per level.
                   A        B        C        D        E       F      G
               +--------+--------+--------+--------+--------+-----+--------+
         Total |  34283 |  32668 |   1615 |   7365 |  20200 |  26 | 1318.6 |
       Dungeon |  23029 |  21823 |   1206 |   4781 |  13913 |  15 | 1535.3 |
          Lair |   8875 |   8513 |    362 |   2053 |   5266 |   5 | 1775.0 |
        Shoals |      2 |      2 |      0 |      0 |      0 |   1 |    2.0 |
   Spider Nest |     24 |     24 |      0 |      0 |      0 |   1 |   24.0 |
  Orcish Mines |   2078 |   2033 |     45 |    471 |   1021 |   2 | 1039.0 |
         Abyss |    272 |    272 |      0 |     60 |      0 |   2 |  136.0 |
               +--------+--------+--------+--------+--------+-----+--------+

Top non-repeatable levels by time:
  Lair:2: 2508 daAuts
    D:14: 2074 daAuts
  Lair:5: 2019 daAuts
     D:8: 1987 daAuts
    D:10: 1920 daAuts
     D:4: 1904 daAuts
    D:11: 1855 daAuts
     D:1: 1841 daAuts
     D:9: 1687 daAuts
    D:12: 1568 daAuts
  Lair:3: 1485 daAuts
     D:5: 1451 daAuts
  Lair:4: 1443 daAuts
    D:15: 1430 daAuts
  Lair:1: 1418 daAuts
